 Dungeon Crawl Stone Soup version 0.24.0-37-gcf1ca852f1 (webtiles) character file.

Game seed: 13643623855677407611, levelgen mode: deterministic

541 Mrkan the Chopper (level 7, -9/61 HPs)
             Began as a Minotaur Berserker on Nov 26, 2019.
             Was an Initiate of Makhleb.
             Mangled by a polar bear (18 damage)
             ... created by the rage of Trog
             ... on level 5 of the Dungeon.
             The game lasted 00:04:38 (3004 turns).

Mrkan the Chopper (Minotaur Berserker)              Turns: 3004, Time: 00:04:38

Health: -9/61      AC:  8    Str: 22    XL:     7   Next: 5%
Magic:  6/6        EV: 11    Int:  4    God:    Makhleb [......]
Gold:   144        SH:  4    Dex: 11    Spells: 6/6 levels left

rFire    . . .     SeeInvis .   a - +0 hand axe
rCold    . . .     Gourm    .   j - +0 buckler
rNeg     . . .     Faith    .   u - +0 scale mail
rPois    .         Spirit   .   (helmet restricted)
rElec    .         Reflect  .   (no cloak)
rCorr    .         Harm     .   A - +0 pair of gloves
MR       .....                  (no boots)
Stlth    ..........             (no amulet)
HPRegen  0.20/turn              (no ring)
MPRegen  0.10/turn              (no ring)

@: no status effects
A: retaliatory headbutt, horns 2
a: Renounce Religion


You were on level 5 of the Dungeon.
You worshipped Makhleb.
Makhleb was noncommittal.
You were not hungry.

You visited 2 branches of the dungeon, and saw 6 of its levels.

You collected 144 gold pieces.

Inventory:

Hand Weapons
 a - a +0 hand axe (weapon)
Armour
 j - a +0 buckler (worn)
 u - a +0 scale mail (worn)
 A - a +0 pair of gloves (worn)
Jewellery
 b - a +4 ring of dexterity {unknown}
 x - a +5 amulet of reflection {unknown}
 y - a +4 ring of intelligence {unknown}
Wands
 v - a wand of scattershot (6)
Scrolls
 d - 5 scrolls of identify {unknown}
 f - 2 scrolls of teleportation {unknown}
 g - 2 scrolls of amnesia {unknown}
 k - 2 scrolls of remove curse {unknown}
 l - a scroll of fear {unknown}
 n - 2 scrolls of fog {unknown}
 p - a scroll of magic mapping {unknown}
Potions
 e - 2 potions of cancellation {unknown}
 h - 2 potions of haste {unknown}
 i - 3 potions of heal wounds {unknown}
 m - a potion of might {unknown}
 o - a potion of berserk rage {unknown}
 q - a potion of magic {unknown}
 r - a potion of degeneration {unknown}
 s - a potion of mutation {unknown}
 t - 3 potions of curing {unknown}
 z - a potion of agility {unknown}
Comestibles
 c - 7 rations
 w - 2 chunks of flesh


   Skills:
 + Level 5.1 Fighting
 * Level 6.4 Axes
 + Level 4.3 Armour
 + Level 3.9 Dodging
 + Level 3.1 Shields


You had 6 spell levels left.
You didn't know any spells.
Your spell library was empty.

Dungeon Overview and Level Annotations

Branches:
Dungeon (6/15)             Temple (1/1) D:5

Altars:
Ashenzari
Cheibriados
Dithmenos
Elyvilon
Fedhas
Hepliaklqana
Kikubaaqudgha
Makhleb
Nemelex Xobeh
Okawaru
Qazlal
Ru
Sif Muna
Trog
Uskayaw
Vehumet
Wu Jian
Xom
Yredelemnul
Zin
The Shining One

Shops:
D:5 (


Innate Abilities, Weirdness & Mutations

You reflexively headbutt those who attack you in melee.
You have a pair of horns on your head.


Message History

The black bear is moderately wounded.
The polar bear rages.
You hit the polar bear.
The polar bear is lightly wounded.
The polar bear bites you! The polar bear closely misses you.
The polar bear claws you.
You hit the polar bear but do no damage.
You headbutt the polar bear, but do no damage.
The polar bear is lightly wounded.
You block the polar bear's attack. The polar bear barely misses you. x2
You closely miss the polar bear.
The polar bear is lightly wounded.
The polar bear bites you! The polar bear barely misses you.
The polar bear closely misses you. The polar bear bites you!!
* * * LOW HITPOINT WARNING * * *
The polar bear claws you but does no damage. x2
You hit the polar bear.
The polar bear is lightly wounded.
The polar bear bites you!!
You die...

######### ....<...# #
.#######.# .
.[.......h######## #####
#####........hhh@....# #...#
..÷..<#######.######.###'#.#
####..# ###.# #.#.'∩+.#
###..## #...## #...#+#.#
##.....####....## #.......#
...#............####.......##
.#.....###..................#
###.#.....#.....####.†......#
###..##..#.#...## #........#


You could see a polar bear (berserk) and 3 black bears.

Vanquished Creatures
  Edmund (D:5)
  A bullfrog (D:6)
  A water moccasin skeleton (D:5)
  A crimson imp (D:5)
  2 centaur zombies
  A hound (D:5)
  An orc priest (D:6)
  A bullfrog skeleton (D:5)
  A centaur skeleton (D:6)
  An iguana (D:5)
  2 adders
  4 dart slugs
  2 worms
  2 leopard geckos (D:2)
  5 orcs
  2 ball pythons (D:2)
  4 bats
  2 giant cockroaches
  5 goblins
  7 hobgoblins
  2 jackals (D:2)
  5 kobolds
  5 rats
  A plant (D:2)
59 creatures vanquished.

Vanquished Creatures (others)
  2 ogres (D:5)
  A gnoll shaman (D:5)
  2 adders (D:5)
  A giant cockroach (D:5)
  A jackal (D:5)
7 creatures vanquished.

Grand Total: 66 creatures vanquished

Notes
Turn   | Place    | Note
-------+----------+-------------------------------------------
     0 | D:1      | Mrkan the Minotaur Berserker began the quest for the Orb.
     0 | D:1      | Reached XP level 1. HP: 19/19 MP: 0/0
   481 | D:1      | Reached XP level 2. HP: 25/27 MP: 1/1
   568 | D:1      | Reached skill level 4 in Axes
  1328 | D:2      | Reached XP level 3. HP: 33/33 MP: 2/2
  1468 | D:2      | Reached ** piety under Trog
  1771 | D:2      | Reached skill level 1 in Shields
  2116 | D:3      | You fall into a shaft and drop 3 floors!
  2125 | D:6      | Reached XP level 4. HP: 12/40 MP: 3/3
  2128 | D:6      | Reached skill level 5 in Axes
  2326 | D:6      | Noticed a bullfrog
  2333 | D:6      | Killed a bullfrog
  2333 | D:6      | Reached XP level 5. HP: 39/47 MP: 4/4
  2545 | D:5      | Entered Level 5 of the Dungeon
  2569 | D:5      | Reached XP level 6. HP: 43/53 MP: 5/5
  2615 | D:5      | Noticed Edmund
  2652 | D:5      | Killed Edmund
  2652 | D:5      | Reached skill level 6 in Axes
  2813 | D:5      | Found a staircase to the Ecumenical Temple.
  2838 | D:5      | Reached skill level 5 in Fighting
  2869 | Temple   | Entered the Ecumenical Temple
  2923 | Temple   | Fell from the grace of Trog
  2923 | Temple   | Became a worshipper of Makhleb the Destroyer
  2939 | D:5      | Reached XP level 7. HP: 51/61 MP: 6/6
  2974 | D:5      | Found Cessuich's Weapon Boutique.
  2995 | D:5      | Noticed a polar bear
  3004 | D:5      | Mangled by a polar bear

Levels and vault maps discovered:
D:1:      sevenhm_arrival_forest_fort_small_5, layout_basic
D:2:      layout_loops_ring, serial_bayou, serial_bayou_pond_c,
          serial_bayou_lake_a, serial_bayou_crossing, serial_bayou_pond_b
D:3:      layout_loops_corners, minmay_unequal
D:5:      minmay_evil_eye, layout_loops_ring, minmay_temple_entry_wispy,
          portal_sewer_entry_c, first_ration, serial_shops, kennysheep_mini,
          minivault_27, chequers_serial_rivers_room_a, xom_confusion_cloud,
          uniq_edmund
D:6:      minmay_diamond_boxcup, layout_cave_pools, minmay_shop_grid_forest
Temple:   dpeg_three_leaves_temple

Skill      XL: |  1  2  3  4  5  6 |
---------------+-------------------+-----
Axes           | 4 5 6 |  6.4
Fighting       | 4 5 |  5.1
Armour         | 3 4 |  4.3
Shields        | 1 2 3 |  3.1
Dodging        | 3 |  3.9

Action                   |  1- 3 |  4- 6 |  7- 9 || total
-------------------------+-------+-------+-------++-------
Melee: Hand axe          |   105 |    78 |     8 ||   191
       Headbutt          |    21 |    21 |     2 ||    44
  Eat: Chunk             |     3 |     4 |       ||     7
Armor: Animal skin       |    14 |       |       ||    14
       Scale mail        |     6 |    18 |     8 ||    32
Dodge: Dodged            |    54 |    25 |    15 ||    94
Block: Buckler           |     8 |    17 |     3 ||    28
